 Dungeon Crawl Stone Soup version 0.27.1-15-g792fb953b9 (webtiles) character file.

Game seed: 13805531515561892021

6732 pkoi the Carver (level 11, -1/75 HPs)
             Began as a Human Fighter on Nov 18, 2021.
             Was a Priest of Makhleb.
             Slain by a gnoll shaman (3 damage)
             ... in a bailey.
             The game lasted 00:16:30 (9304 turns).

pkoi the Carver (Human Fighter)                     Turns: 9304, Time: 00:16:30

Health: -1/75      AC: 14    Str: 19    XL:     11   Next: 24%
Magic:  17/17      EV:  4    Int:  9    God:    Makhleb [***...]
Gold:   1204       SH: 12    Dex: 13    Spells: 10/10 levels left

rFire    . . .     SeeInvis +   b - +9 short sword of Gluttony {speed, SInv}
rCold    . . .     Faith    .   c - +1 kite shield
rNeg     + . .     Spirit   .   z - +0 plate armour
rPois    .         Reflect  .   (no helmet)
rElec    .         Harm     .   w - +0 cloak
rCorr    .         Rampage  .   v - +1 pair of gloves
Will     .....                  (no boots)
Stlth    ..........             e - amulet of regeneration
HPRegen  1.22/turn              q - ring of positive energy
MPRegen  0.15/turn              (no ring)

@: no status effects
A: no striking features
a: Renounce Religion, Minor Destruction, Lesser Servant of Makhleb


You were in a bailey.
You worshipped Makhleb.
Makhleb was most pleased with you.
You visited 2 branches of the dungeon, and saw 11 of its levels.
You also visited: Sewer and Bailey.

You collected 1204 gold pieces.

Inventory:

Hand Weapons
 a - a +0 long sword
 b - the +9 short sword of Gluttony (weapon) {speed, SInv}
   (You found it on level 6 of the Dungeon)

   Attacks with this weapon are significantly faster.
   SInv:      It lets you see invisible.
 h - a +3 double sword of draining
 u - a +1 dagger of venom
Missiles
 m - 3 throwing nets
 r - 8 javelins (quivered)
Armour
 c - a +1 kite shield (worn)
 v - a +1 pair of gloves (worn)
 w - a +0 cloak (worn)
 z - a +0 plate armour (worn)
Jewellery
 e - an amulet of regeneration (around neck)
 q - a ring of positive energy (left hand)
Wands
 n - a wand of digging (11)
 y - a wand of iceblast (15)
 C - a wand of flame (17)
 D - a wand of paralysis (3)
 E - a wand of charming (9)
Scrolls
 g - a scroll of blinking
 k - a scroll of fear
 o - 2 scrolls of identify
 s - 2 scrolls of enchant weapon
 x - 5 scrolls of teleportation
Potions
 d - 2 potions of might
 f - a potion of brilliance
 i - 3 potions of curing
 j - 3 potions of cancellation
 l - 2 potions of haste
 p - a potion of invisibility
 t - 2 potions of heal wounds
 A - 2 potions of flight


   Skills:
 - Level 3.0 Fighting
 * Level 11.6 Long Blades
 - Level 3.0 Armour
 + Level 9.4 Shields
 + Level 8.2 Invocations


You had 10 spell levels left.
You didn't know any spells.
Your spell library contained the following spells:

 Spells                   Type           Power      Damage    Failure   Level
 Animate Skeleton         Necr           0%         N/A       100%        1
 Apportation              Tloc           0%         N/A       100%        1
 Corona                   Hex            0%         N/A       100%        1
 Summon Small Mammal      Summ           0%         N/A       100%        1
 Slow                     Hex            0%         N/A       100%        2
 Confusing Touch          Hex            0%         N/A       100%        3
 Gell's Gravitas          Tloc           0%         N/A       100%        3
 Lesser Beckoning         Tloc           0%         N/A       100%        3
 Portal Projectile        Hex/Tloc       0%         N/A       100%        3
 Teleport Other           Tloc           0%         N/A       100%        3
 Vampiric Draining        Necr           0%         2d6       100%        3
 Blade Hands              Tmut           0%         N/A       100%        5
 Excruciating Wounds      Necr           0%         N/A       100%        5


Dungeon Overview and Level Annotations

Branches:
Dungeon (10/15)            Temple (1/1) D:5           Sewer (visited)
 Bailey (1/1)
   Lair: D:8-11         Orc: D:9-12

Altars:
Ashenzari
Cheibriados
Dithmenos
Elyvilon
Fedhas
Gozag
Hepliaklqana
Kikubaaqudgha
Makhleb
Nemelex Xobeh
Okawaru
Qazlal
Ru
Sif Muna
Trog
Uskayaw
Vehumet
Wu Jian
Xom
Yredelemnul
Zin
The Shining One

Shops:
D:3 (   D:6 [


Message History

The gnoll shaman hits you but does no damage.
The gnoll sergeant hits you but does no damage.
You puncture the gnoll!
The gnoll is almost dead.
The gnoll barely misses you. You block the gnoll's attack.
You puncture the gnoll!
You kill the gnoll!
Makhleb accepts your kill.
You can now summon a lesser servant of Makhleb.
You feel better. The gnoll shaman barely misses you.
The gnoll sergeant hits you from afar with a +0 halberd.
* * * LOW HITPOINT WARNING * * *
There is a gate leading back out of this place, spattered with blood here.
The gnoll hits you but does no damage.
The gnoll shaman hits you from afar with a +0 halberd.
* * * LOW HITPOINT WARNING * * *
The gnoll sergeant hits you but does no damage.
Things that are here:
a hound corpse; a hound corpse You hit the gnoll but do no damage.
The gnoll completely misses you. You block the gnoll shaman's attack.
The gnoll sergeant hits you from afar with a +0 halberd.
* * * LOW HITPOINT WARNING * * *
You closely miss the gnoll. The gnoll barely misses you.
You hit the gnoll.
The gnoll is moderately wounded.
The gnoll shaman hits you from afar with a +0 halberd!
* * * LOW HITPOINT WARNING * * *
You block the gnoll sergeant's attack.
You puncture the gnoll!
You kill the gnoll!
Makhleb accepts your kill.
You feel better.
The gnoll shaman calls upon its god to speed up the gnoll sergeant.
The gnoll sergeant seems to speed up.
You block the gnoll sergeant's attack.
The gnoll sergeant hits you with a +0 halberd!
* * * LOW HITPOINT WARNING * * *
The gnoll shaman hits you with a +0 halberd.
You die...

♣≈.######'''######
♣≈................
♣≈≈...............
♣≈≈≈≈≈≈≈...≈≈≈≈≈≈
♣...............
♣♣♣...........♣♣
♣♣♣♣.......♣♣
♣♣gg.♣♣♣♣ ♣♣@♣♣
♣†♣ ♣∩♣ ###


You could see a gnoll sergeant (fast) and a gnoll shaman.

Vanquished Creatures
  A centaur zombie (D:10)
  Maggie (D:7)
  A komodo dragon (D:7)
  A polar bear (D:9)
  Prince Ribbit (D:6)
  Grinder (D:3)
  Sigmund (D:2)
  10 yaks
  Grum (D:8)
  Eustachio (D:6)
  2 acid dragons
  A water moccasin (D:8)
  2 black bears
  A sky beast (D:7)
  4 ice beasts
  A necrophage (D:5)
  2 ogres (D:5)
  3 wolves
  2 centaurs
  A phantom (D:3)
  4 bullfrogs
  3 scorpions
  A gnoll sergeant (Bailey)
  A wight (D:6)
  2 electric eels (D:9)
  A howler monkey (D:6)
  2 jellies
  7 hounds
  2 centaur skeletons (D:7)
  Crazy Yiuf (D:3)
  4 orc priests
  A gnoll shaman (D:7)
  A scorpion zombie (D:5)
  An iguana (D:6)
  2 orc wizards (D:9)
  A killer bee zombie (D:8)
  A centaur simulacrum (D:9)
  2 hound skeletons (D:4)
  A howler monkey zombie (D:9)
  Robin (D:3)
  17 gnolls
  9 adders
  A white imp (D:5)
  An ufetubus (D:9)
  3 worms
  A dart slug (D:4)
  8 orcs
  3 endoplasms
  8 giant cockroaches
  12 goblins
  9 hobgoblins
  10 jackals (Sewer)
  6 kobolds
  7 quokkas
  9 ball pythons
  6 bats
  5 frilled lizards
  12 rats
204 creatures vanquished.

Vanquished Creatures (others)
  A white imp (D:9)
  12 plants
13 creatures vanquished.

Grand Total: 217 creatures vanquished

Notes
Turn   | Place    | Note
-------+----------+-------------------------------------------
     0 | D:1      | pkoi the Human Fighter began the quest for the Orb.
     0 | D:1      | Reached XP level 1. HP: 18/18 MP: 1/1
   165 | D:1      | Reached XP level 2. HP: 23/24 MP: 2/2
   715 | D:1      | Reached XP level 3. HP: 29/29 MP: 3/3
   812 | D:2      | Identified a scroll of acquirement
   812 | D:2      | Acquired a +2 double sword of draining
  1022 | D:1      | Reached skill level 3 in Long Blades
  1026 | D:2      | Reached XP level 4. HP: 35/35 MP: 4/4
  1170 | D:2      | Found a faded altar of an unknown god.
  1355 | D:2      | Noticed Sigmund
  1898 | D:3      | Found a glowing drain.
  1918 | Sewer    | Entered a sewer
  1929 | Sewer    | Reached XP level 5. HP: 38/41 MP: 5/5
  2232 | Sewer    | Reached skill level 4 in Long Blades
  2663 | D:3      | Found a runed translucent door.
  2664 | D:3      | Noticed Crazy Yiuf
  2694 | D:3      | Noticed Robin
  2719 | D:3      | Killed Robin
  2735 | D:3      | Noticed Grinder
  2738 | D:3      | Noticed a phantom
  2745 | D:3      | Paralysed by Grinder for 3 turns
  2746 | D:3      | Found Tuzeump's Antique Weapon Shop.
  2867 | D:4      | Reached XP level 6. HP: 44/47 MP: 6/6
  3048 | D:4      | Reached skill level 5 in Shields
  3360 | D:4      | Found a sparkling altar of Nemelex Xobeh.
  3563 | D:5      | Entered Level 5 of the Dungeon
  3611 | D:5      | Noticed an ice beast
  3655 | D:5      | Found a staircase to the Ecumenical Temple.
  3662 | Temple   | Entered the Ecumenical Temple
  3725 | Temple   | Became a worshipper of Makhleb the Destroyer
  3741 | D:5      | Noticed an ogre
  3829 | D:5      | Reached skill level 5 in Long Blades
  3872 | D:5      | Killed an ogre
  3873 | D:5      | Reached skill level 1 in Invocations
  3873 | D:5      | Reached XP level 7. HP: 12/52 MP: 7/7
  3953 | D:3      | Killed Grinder
  3954 | D:3      | Reached skill level 6 in Long Blades
  3954 | D:3      | Reached XP level 8. HP: 56/58 MP: 7/9
  4199 | D:3      | Killed Crazy Yiuf
  4579 | D:2      | Killed Sigmund
  4727 | D:5      | Reached skill level 7 in Long Blades
  5270 | D:6      | Found Kooghaon's Antique Armour Boutique.
  5447 | D:6      | Acquired 623 gold pieces
  5451 | D:6      | Identified the +9 short sword of Gluttony {speed, SInv}
  5465 | D:6      | Reached XP level 9. HP: 63/63 MP: 12/12
  5521 | D:6      | Found a glowing golden altar of the Shining One.
  5548 | D:6      | Noticed Prince Ribbit
  5567 | D:6      | Killed Prince Ribbit
  5568 | D:6      | Reached skill level 8 in Long Blades
  5588 | D:6      | Noticed Eustachio
  5621 | D:6      | Killed Eustachio
  5622 | D:6      | Reached skill level 5 in Invocations
  5826 | D:6      | Found a stormy altar of Qazlal.
  6033 | D:6      | Reached * piety under Makhleb
  6241 | D:7      | Reached skill level 9 in Long Blades
  6560 | D:7      | Noticed Maggie
  6582 | D:7      | Paralysed by Maggie for 3 turns
  6587 | D:7      | Killed Maggie
  6588 | D:7      | Reached XP level 10. HP: 66/70 MP: 14/14
  6613 | D:7      | Noticed a komodo dragon
  6645 | D:7      | Killed a komodo dragon
  7211 | D:8      | Reached skill level 10 in Long Blades
  7307 | D:8      | Identified the +7 flail of Brutal Revenge {distort, Str+4}
  7403 | D:8      | Noticed a two-headed ogre
  7462 | D:8      | Noticed Grum
  7473 | D:8      | Killed Grum
  7630 | D:8      | Found an ornate altar of the Wu Jian Council.
  7722 | D:8      | Found a hazy altar of Hepliaklqana.
  7723 | D:8      | Found an opulent altar of Gozag.
  7723 | D:8      | Found a basalt altar of Yredelemnul.
  8155 | D:9      | Reached ** piety under Makhleb
  8474 | D:9      | Reached skill level 11 in Long Blades
  8787 | D:9      | Found an iron altar of Okawaru.
  8900 | D:10     | Entered Level 10 of the Dungeon
  8921 | D:10     | Reached XP level 11. HP: 75/75 MP: 16/16
  9077 | D:10     | Found a broken altar of Ashenzari.
  9172 | D:10     | Found a flagged portal.
  9195 | Bailey   | Entered a bailey
  9297 | Bailey   | Reached *** piety under Makhleb
  9304 | Bailey   | HP: 2/75 [gnoll sergeant (15)]
  9304 | Bailey   | Slain by a gnoll shaman

Illustrated notes

Levels and vault maps discovered:
D:1:      minmay_arrival_radiant_lines, layout_basic
D:2:      layout_loops_corners, shapermc_ecumenical_altar_mp_ritualfount,
          serial_bayou_lagoon_b, uniq_sigmund
D:3:      layout_basic, serial_shops, nicolae_diamond_shop,
          gup_sewer_entry_bubbles, uniq_grinder, uniq_crazy_yiuf_cottage,
          uniq_robin
D:4:      layout_loops_ring, nemelex_diamond_rough_becter
D:5:      layout_loops_ring, minmay_temple_entry_junction
D:6:      layout_basic, marbit_many_paths, mainiacjoe_overflow_small_starburst,
          serial_shops, shop, minmay_chambers_of_fives, uniq_prince_ribbit1,
          uniq_eustachio
D:7:      layout_loops_ring, nicolae_water_bricks, minmay_misc_feat_x,
          serial_bayou_crossing, uniq_maggie
D:8:      layout_rooms, pdpol_wu_jian_five_deadly_venoms, minitemple, uniq_grum
D:9:      layout_irregular_city, okawaru_ov_weapons_minmay, serial_ice,
          serial_ice_o, serial_ice_k, serial_ice_d, serial_ice_c,
          chequers_hall_statues_corner_a
D:10:     layout_gridville, mainiacjoe_overflow_alcove_1, enter_bailey_2
Temple:   cyrus_circular_temple
Bailey:   bailey_polearm_gnolls_kennysheep, bailey

Skill      XL: |  1  2  3  4  5  6  7  8  9 10 11 |
---------------+----------------------------------+-----
Long Blades    | 3 4 5 6 7 9 11 | 11.6
Shields        | 4 5 6 7 9 |  9.4
Invocations    | 1 2 4 6 7 8 |  8.2
Fighting       | |  3.0
Armour         | |  3.0

Action                   |  1- 3 |  4- 6 |  7- 9 | 10-12 || total
-------------------------+-------+-------+-------+-------++-------
Melee: Long sword        |    44 |       |       |       ||    44
       Double sword      |    14 |   232 |    57 |    21 ||   324
       Short sword       |       |       |    91 |   319 ||   410
       Dagger            |       |       |    24 |    49 ||    73
Throw: Javelin           |       |     1 |       |       ||     1
Evoke: Wand              |       |       |       |     1 ||     1
  Use: Scroll            |     3 |     7 |     7 |     5 ||    22
       Potion            |       |       |       |     2 ||     2
Armor: Scale mail        |    30 |   115 |    17 |       ||   162
       Plate armour      |       |       |    37 |   126 ||   163
Dodge: Dodged            |    19 |    85 |    20 |    52 ||   176
Block: Kite shield       |    35 |   141 |    80 |   209 ||   465
       Rpst.: Long sword |     3 |       |       |       ||     3
       Double sword      |     1 |    14 |     5 |       ||    20
